Map: Neon Violet Square LE

Players

Dadz

  • Race: Protoss Protoss
  • League: Gold
  • Spawn Location: 5:00

Kozzy - Winner!

  • Race: Protoss Protoss
  • League: Gold
  • Spawn Location: 11:00

VOD

Have the link to the VOD?

Description

Time

  • Played on: April 3, 2018, 5:45 p.m.
  • Length: 7:14
Show
View Real Time Build Order
Export as new Build Order

Dadz Protoss 

Build Orders:  

Get SALT Encoding   

  12  0:01  Probe  
  13  0:13  Probe  
  14  0:19  Pylon  
  14  0:25  Probe  
  15  0:41  Probe (Chrono Boost), Gateway  
  16  0:46  Assimilator  
  17  0:50  Probe (Chrono Boost)  
  17  0:56  Probe  
  17  1:03  Gateway  
  18  1:09  Probe  
  19  1:15  Assimilator  
  19  1:21  Probe  
  20  1:28  Cybernetics Core  
  20  1:37  Pylon, Probe  
  21  1:50  Probe  
  22  2:02  Probe  
  22  2:03  Warp Gate (Chrono Boost)  
  23  2:08  Stalker  
  23  2:10  Stalker  
  23  2:14  Probe  
  28  2:26  Probe  
  29  2:38  Probe  
  30  2:46  Nexus  
  30  2:50  Pylon  
  30  2:53  Probe  
  31  3:08  Probe  
  32  3:16  Pylon  
  32  3:18  Robotics Facility  
  32  3:20  Probe  
  33  3:28  Sentry x2  
  33  3:32  Probe  
  38  3:43  Pylon  
  38  3:44  Probe  
  39  4:07  Gateway  
  39  4:08  Gateway  
  39  4:09  Probe  
  40  4:14  Probe  
  40  4:16  Immortal  
  45  4:19  Sentry x2  
  49  4:27  Probe  
  50  4:33  Probe  
  50  4:35  Assimilator  
  51  4:38  Assimilator  
  51  4:39  Probe  
  51  4:41  Shield Battery  
  52  4:47  Probe  
  52  4:49  Sentry  
  52  4:52  Sentry  
  57  4:56  Observer  
  58  5:00  Probe x2  
  60  5:22  Forge  
  60  5:23  Observer  
  60  5:25  Forge  
  60  5:27  Probe x2  
  63  5:28  Gateway  
  51  5:45  Stalker  
  51  5:46  Stalker x2  
  39  6:04  Immortal (Chrono Boost)  
  39  6:10  Stalker x3  
  39  6:11  Stalker  
  38  6:22  Probe  
  38  6:23  Probe  
  38  6:34  Probe, Stalker  
  38  6:35  Probe, Stalker  
  42  6:47  Probe x2  
  43  6:59  Probe x2  
Show
View Real Time Build Order
Export as new Build Order

Kozzy Protoss - Winner!

Build Orders:  

Get SALT Encoding   

  12  0:00  Probe  
  13  0:13  Probe  
  14  0:19  Pylon  
  14  0:25  Probe  
  15  0:37  Probe (Chrono Boost)  
  15  0:40  Gateway  
  16  0:49  Probe (Chrono Boost)  
  17  0:56  Probe (Chrono Boost)  
  18  0:57  Assimilator  
  18  1:03  Probe  
  18  1:09  Assimilator  
  19  1:15  Probe  
  20  1:28  Probe  
  20  1:32  Pylon  
  21  1:40  Probe (Chrono Boost)  
  21  1:43  Cybernetics Core  
  22  1:51  Probe (Chrono Boost)  
  23  1:56  Probe (Chrono Boost)  
  24  2:03  Forge  
  24  2:06  Pylon  
  24  2:32  Gateway  
  24  2:34  Shield Battery  
  24  2:37  Photon Cannon  
  24  2:47  Gateway  
  24  2:49  Pylon, Stalker (Chrono Boost)  
  26  3:02  Protoss Ground Weapons Level 1 (Chrono Boost)  
  26  3:04  Warp Gate  
  26  3:11  Stalker  
  28  3:22  Stalker  
  30  3:34  Stalker  
  32  3:44  Stalker  
  34  4:04  Stalker  
  34  4:05  Pylon  
  36  4:12  Stalker  
  38  4:19  Stalker  
  40  4:32  Gateway  
  40  4:34  Stalker  
  42  4:50  Pylon  
  42  4:53  Pylon  
  42  5:07  Stalker x2  
  42  5:12  Stalker  
  48  5:27  Stalker  
  38  5:55  Stalker x2  
  38  5:56  Stalker x2  
  38  6:22  Stalker x2  
  38  6:23  Stalker x2  
  42  6:48  Stalker x4  
  46  7:11  Pylon  
Tags
 
Add a new tag
Caveats
  • Supply blocks, unpowered buildings, or Contaminate may cause inaccurate times.
  • Supply counts are checked every 10 seconds.